 Dungeon Crawl Stone Soup version 0.29-a0-643-ga013cefcf8 (webtiles) character file.

Game seed: 5185557081708854119

193 Cancer the Digger (level 5, -1/28 HPs)
             Began as a Gargoyle Earth Elementalist on June 20, 2022.
             Slain by Ijyb
             ... wielding a +4 club
              (3 damage)
             ... on level 3 of the Dungeon.
             The game lasted 00:08:49 (3876 turns).

Cancer the Digger (Gargoyle Earth Elementalist)     Turns: 3876, Time: 00:08:49

Health: -1/28      AC:  9    Str: 18    XL:     5   Next: 72%
Magic:  4/10       EV: 11    Int: 17    God:
Gold:   164        SH:  0    Dex: 10    Spells: 9/10 levels left

rFire   + . .      SeeInvis .   c - +0 hand axe
rCold   . . .      Faith    .   (no shield)
rNeg    + . .      Spirit   .   a - +0 robe
rPois   ∞          Reflect  .   (no helmet)
rElec   +          Harm     .   (no cloak)
rCorr   +          Rampage  .   (no gloves)
Will    +....                   i - +2 pair of boots
Stlth   ++........              (no amulet)
HPRegen 0.09/turn               l - ring "Run Hylu" {rElec rF+ Will+ rCorr}
MPRegen 0.12/turn               q - +6 ring of strength

@: no status effects
A: sickness immunity, AC +4, negative energy resistance 1, electricity
resistance, torment resistance 1, petrification resistance
a: no special abilities


You were on level 3 of the Dungeon.
You visited 1 branch of the dungeon, and saw 4 of its levels.

You collected 164 gold pieces.

Inventory:

Hand Weapons
 c - a +0 hand axe (weapon)
Armour
 a - a +0 robe (worn)
 i - a +2 pair of boots (worn)
 o - a +0 buckler
Magical Staves
 m - a staff of cold
Jewellery
 l - the ring "Run Hylu" (left hand) {rElec rF+ Will+ rCorr}
   (You found it on level 2 of the Dungeon)

   [ring of resist corrosion]

   rF:        It protects you from fire.
   rElec:     It insulates you from electricity.
   rCorr:     It protects you from acid and corrosion.
   Will:      It increases your willpower.
 n - a ring of see invisible
 q - a +6 ring of strength (right hand)
Scrolls
 d - a scroll of magic mapping {unknown}
 e - 3 scrolls of summoning {unknown}
 f - a scroll of noise {unknown}
 g - a scroll of torment {unknown}
 h - a scroll of enchant weapon {unknown}
 j - 2 scrolls of identify {unknown}
 p - a scroll of fear {unknown}
 t - a scroll of enchant armour {unknown}
 u - a scroll of vulnerability {unknown}
 w - a scroll of silence {unknown}
Potions
 b - 2 potions of magic
 k - 4 potions of curing {unknown}
 r - 2 potions of mutation {unknown}
 s - 2 potions of degeneration {unknown}
 v - a potion of resistance {unknown}
 x - a potion of lignification {unknown}


   Skills:
 - Level 1.5 Dodging
 - Level 2.1 Stealth
 + Level 3.4 Spellcasting
 + Level 3.1 Conjurations
 - Level 0.7 Transmutations
 + Level 5.2 Earth Magic


You had 9 spell levels left.
You knew the following spells:

 Your Spells              Type           Power      Damage    Failure   Level
a - Sandblast             Erth           40%        2d10      1%          1

Your spell library contained the following spells:

 Spells                   Type           Power      Damage    Failure   Level
 Passwall                 Tmut/Erth      10%        N/A       8%          2
 Stone Arrow              Conj/Erth      34%        3d9       9%          3
 Freeze                   Ice            8%         1d3       17%         1
 Ensorcelled Hibernation  Hex/Ice        4%         N/A       26%         2
 Petrify                  Tmut/Erth      13%        N/A       43%         4
 Frozen Ramparts          Ice            4%         1d2       45%         3
 Hailstorm                Conj/Ice       8%         3d4       65%         4
 Freezing Cloud           Conj/Ice/Air   3%         6-21      97%         5
 Alistair's Intoxication  Tmut/Pois      2%         N/A       99%         5
 Storm Form               Tmut/Air       2%         N/A       100%        7
 Borgnjor's Revivificati  Necr           1%         N/A       100%        8
 Necromutation            Tmut/Necr      2%         N/A       100%        8
 Death's Door             Necr           1%         N/A       100%        9


Dungeon Overview and Level Annotations

Branches:
Dungeon (4/15)
 Temple: D:4-7

Altars:
Elyvilon
Makhleb

Annotations:
D:3 Ijyb, Sigmund
D:4 exclusion: ogre


Innate Abilities, Weirdness & Mutations

You are immune to sickness and miasma.
Your stone body is resilient. (AC +4)
You are immune to poison.
You resist negative energy. (rN+)
You are resistant to electric shocks. (rElec)
You are resistant to unholy torment.
You are immune to petrification.


Message History

Unknown command.
Casting: Sandblast (safe; 1% risk of failure)
Confirm with . or Enter, or press ? or * to list all spells.
Aiming: Sandblast (safe; 1% risk of failure)
Press: ? - help, Shift-Dir - straight line, f/p - Ijyb
Aim: Ijyb, wielding a +4 club and wearing a +0 ring mail (78% to hit)
The blast of sand hits Ijyb.
Ijyb is lightly wounded.
Ijyb hits you with a +4 club. Ijyb closely misses you.
Unknown command.
Casting: Sandblast (safe; 1% risk of failure)
Confirm with . or Enter, or press ? or * to list all spells.
You don't know that spell.
Casting: Sandblast (safe; 1% risk of failure)
Confirm with . or Enter, or press ? or * to list all spells.
Aiming: Sandblast (safe; 1% risk of failure)
Press: ? - help, Shift-Dir - straight line, f/p - Ijyb
Aim: Ijyb, wielding a +4 club and wearing a +0 ring mail (lightly wounded, 78% to hit)
The blast of sand hits Ijyb but does no damage.
Ijyb is lightly wounded.
Ijyb hits you with a +4 club! Ijyb closely misses you.
Casting: Sandblast (safe; 1% risk of failure)
Confirm with . or Enter, or press ? or * to list all spells.
Aiming: Sandblast (safe; 1% risk of failure)
Press: ? - help, Shift-Dir - straight line, f/p - Ijyb
Aim: Ijyb, wielding a +4 club and wearing a +0 ring mail (lightly wounded, 78% to hit)
The blast of sand hits Ijyb but does no damage.
Ijyb is lightly wounded.
Ijyb hits you but does no damage. Ijyb hits you with a +4 club!
* * * LOW HITPOINT WARNING * * *
Unknown command.
Casting: Sandblast (safe; 1% risk of failure)
Confirm with . or Enter, or press ? or * to list all spells.
Aiming: Sandblast (safe; 1% risk of failure)
Press: ? - help, Shift-Dir - straight line, f/p - Ijyb
Aim: Ijyb, wielding a +4 club and wearing a +0 ring mail (lightly wounded, 78% to hit)
The blast of sand hits Ijyb!
Ijyb is heavily wounded.
Ijyb hits you with a +4 club.
You die...

#.# .#
#.###.###
#.......:
#........
#........
#........
#
#g.......
.#
#@.<.....
.#
#........
#.#
#########
..# ##.#
.<.# ...#
........
...#####


You could see Ijyb.

Vanquished Creatures
  A howler monkey (D:4)
  An iguana (D:4)
  3 gnolls (D:2)
  4 adders
  2 dart slugs
  An orc (D:4)
  5 bats
  4 endoplasms
  4 giant cockroaches (D:1)
  3 goblins
  4 hobgoblins
  4 jackals
  4 kobolds
  4 quokkas (D:2)
  6 ball pythons
  5 frilled lizards
  7 rats
62 creatures vanquished.

Vanquished Creatures (others)
  A ball python (D:3)
  21 fungi (D:4)
22 creatures vanquished.

Grand Total: 84 creatures vanquished

Notes
Turn   | Place    | Note
-------+----------+-------------------------------------------
     0 | D:1      | Cancer the Gargoyle Earth Elementalist began the quest for
                  | the Orb.
     0 | D:1      | Reached XP level 1. HP: 10/10 MP: 3/3
    57 | D:1      | Found a faded altar of an unknown god.
   329 | D:1      | Reached XP level 2. HP: 15/15 MP: 3/5
   524 | D:1      | Reached skill level 1 in Conjurations
   589 | D:1      | Reached skill level 4 in Earth Magic
  1246 | D:1      | Reached XP level 3. HP: 19/19 MP: 6/6
  1658 | D:2      | Identified the ring "Run Hylu" {rElec rF+ Will+ rCorr}
  2146 | D:2      | Reached XP level 4. HP: 24/24 MP: 2/8
  2232 | D:2      | Got the Papyrus of Mutagenic Snow
  2366 | D:2      | You fall into a shaft and drop 2 floors!
  2725 | D:4      | Reached XP level 5. HP: 26/28 MP: 6/9
  2774 | D:4      | Found a burning altar of Makhleb.
  2920 | D:4      | Reached skill level 5 in Earth Magic
  3103 | D:4      | Noticed an ogre
  3556 | D:3      | Noticed Sigmund
  3559 | D:3      | Found a white marble altar of Elyvilon.
  3869 | D:3      | Noticed Ijyb
  3875 | D:3      | HP: 1/28 [Ijyb/+4 club (8)]
  3876 | D:3      | Slain by Ijyb

Illustrated notes

Levels and vault maps discovered:
D:1:      lemuel_arrival_behind_the_door_large, layout_basic,
          ebering_ecumenical_altar_sacrificial
D:2:      layout_basic, minmay_quadrilaterals
D:3:      cheibrodos_pilgrimage, layout_rooms, elyvilon_altar_5,
          minmay_three_crescents, uniq_ijyb, uniq_sigmund
D:4:      layout_basic, mainiacjoe_overflow_cross_hatched

Skill      XL: |  1  2  3  4  5 |
---------------+----------------+-----
Conjurations   | 1 2 3 |  3.1
Earth Magic    | 4 5 |  5.2
Spellcasting   | 3 |  3.4
Dodging        | |  1.5
Stealth        | |  2.1
Transmutations | |  0.7

Action                   |  1- 3 |  4- 6 || total
-------------------------+-------+-------++-------
Melee: Hand axe          |    28 |    77 ||   105
       Punch             |     1 |       ||     1
 Cast: Sandblast         |    37 |    23 ||    60
 Stab: Sleeping          |     1 |     2 ||     3
Armor: Robe              |    19 |    62 ||    81
Dodge: Dodged            |    26 |    65 ||    91

Table legend: (Time is in decaauts)
 A = Elapsed time spent in this place.
 B = Non-inter-level travel time spent in this place.
 C = Inter-level travel time spent in this place.
 D = Time resting spent in this place.
 E = Time spent auto-exploring this place.
 F = Levels seen in this place.
 G = Mean time per level.
                   A        B        C        D        E       F      G
               +--------+--------+--------+--------+--------+-----+--------+
         Total |   3966 |   3728 |    238 |    148 |   2559 |   4 |  991.5 |
       Dungeon |   3966 |   3728 |    238 |    148 |   2559 |   4 |  991.5 |
               +--------+--------+--------+--------+--------+-----+--------+

Top non-repeatable levels by time:
     D:1: 1524 daAuts
     D:4: 1183 daAuts
     D:2: 1120 daAuts
     D:3: 137 daAuts
